 Dungeon Sprint DCSS version 0.27.1-33-g824d729ab1 (webtiles) character file.

Game seed: 1798657408613480556

13335 boopmooplesden the Peltast (level 11, 0/114 HPs)
             Began as a Minotaur Fighter on Dec 14, 2021.
             Was the Champion of Okawaru.
             Splashed by an acid dragon's acid (16 damage)
             ... in the Dungeon (Sprint VII: "The Pits").
             The game lasted 00:16:13 (2687 turns).

boopmooplesden the Peltast (Minotaur Fighter)       Turns: 2687, Time: 00:16:13

Health: 0/114      AC: 23    Str: 24    XL:     11   Next: 74%
Magic:  11/13      EV: 12    Int:  3    God:    Okawaru [******]
Gold:   0          SH: 17    Dex: 16    Spells: 10/10 levels left

rFire    + . .     SeeInvis .   u - +9 scimitar (holy)
rCold    x . .     Faith    .   c - +0 kite shield
rNeg     + . .     Spirit   .   o - +2 plate armour
rPois    .         Reflect  .   (helmet restricted)
rElec    +         Harm     +   f - scarf {harm}
rCorr    .         Rampage  .   (no gloves)
Will     .....     NoTele   +   v - +0 pair of boots of Hadjma {rElec rN+ Int-2 Dex+6}
Stlth    ..........             (no amulet)
HPRegen  0.29/turn              x - +4 ring of protection
MPRegen  0.13/turn              w - ring of fire

@: heroic, corroded
A: horns 2, retaliatory headbutt
a: Renounce Religion, Heroism, Finesse


You were in the Dungeon.
You worshipped Okawaru.
Okawaru was exalted by your worship.
You visited 1 branch

Inventory:

Hand Weapons
 a - a +0 long sword
 k - a +2 falchion
 p - a +0 long sword of holy wrath
 u - a +9 scimitar of holy wrath (weapon)
Armour
 b - a +0 scale mail
 c - a +0 kite shield (worn)
 f - a scarf of harm (worn)
 o - a +2 plate armour (worn)
 v - the +0 pair of boots of Hadjma (worn) {rElec rN+ Int-2 Dex+6}
   (Okawaru gifted it to you in the Dungeon)

   Int:       It affects your intelligence (-2).
   Dex:       It affects your dexterity (+6).
   rElec:     It insulates you from electricity.
   rN:        It protects you from negative energy.
 B - a +4 scale mail of fire resistance
Jewellery
 q - a +3 ring of intelligence
 t - a +3 ring of intelligence
 w - a ring of fire (right hand)
 x - a +4 ring of protection (left hand)
 A - a ring of willpower
Wands
 d - a wand of iceblast (7)
Scrolls
 j - 2 scrolls of blinking
 m - 5 scrolls of amnesia
 n - a scroll of summoning
 z - a scroll of magic mapping
 C - 3 scrolls of identify
 D - a scroll of fog
Potions
 e - 10 potions of curing
 g - 2 potions of haste
 h - 4 potions of magic
 i - 5 potions of berserk rage
 l - 2 potions of invisibility
 r - 4 potions of might
 s - 4 potions of brilliance
 E - a potion of heal wounds


   Skills:
 + Level 16.1(21.1) Fighting
 + Level 17.0(22.0) Long Blades
 + Level 16.8(21.8) Armour
 + Level 3.0(8.0) Dodging
 + Level 1.8(6.8) Stealth
 + Level 17.5(22.5) Shields
 + Level 4.3 Invocations


You had 10 spell levels left.
You didn't know any spells.
Your spell library contained the following spells:

 Spells                   Type           Power      Damage    Failure   Level
 Blink                    Tloc           N/A        N/A       99%         2
 Manifold Assault         Tloc           0%         N/A       100%        5
 Storm Form               Tmut/Air       0%         N/A       100%        7


Dungeon Overview and Level Annotations

Branches:
Dungeon (1/1)

Altars:
Ashenzari
Cheibriados
Dithmenos
Elyvilon
Fedhas
Gozag
Hepliaklqana
Kikubaaqudgha
Makhleb
Nemelex Xobeh
Okawaru
Qazlal
Ru
Sif Muna
Trog
Uskayaw
Vehumet
Wu Jian
Xom
Yredelemnul
Zin
The Shining One
Beogh
Jiyva
Lugonu


Innate Abilities, Weirdness & Mutations

You have a pair of horns on your head.
You reflexively headbutt those who attack you in melee.


Message History

You feel like a meek peon again. The yak gores you but does no damage.
You block the yak's attack.
You slice the yak!!
You kill the yak!
Okawaru accepts your kill. The yak gores you.
You slash the yak!
The yak is heavily wounded.
Unknown command.
The acid dragon roars!
You slash the yak! You headbutt the yak!
You kill the yak!
Okawaru accepts your kill.
You hit the iron troll. You headbutt the iron troll.
The iron troll is lightly wounded.
You block the rust devil's attack.
You gain the combat prowess of a mighty hero.
A ball python simulacrum comes into view.
You block the rust devil's attack. The iron troll bites you!!
The iron troll closely misses you. The iron troll claws you!
You hit the iron troll but do no damage.
The iron troll is lightly wounded.
The acid dragon spits acid at you.
The splash of acid hits you but does no damage.
You are splashed with acid!
* * * LOW HITPOINT WARNING * * *
You block the rust devil's attack.
You hit the rust devil but do no damage.
You headbutt the rust devil!
The rust devil is moderately wounded.
You block the iron troll's attack. The iron troll claws you!
* * * LOW HITPOINT WARNING * * *
The iron troll barely misses you.
You slice the rust devil!!
You kill the rust devil!
Okawaru accepts your kill. The acid dragon spits acid at you.
The splash of acid hits you but does no damage.
The acid corrodes you!
You are splashed with acid!
You die...

####################
...............)@D.+
................T.Z+
.################t†#
.# #c.# .# #'..# .#
#(#..# .# #.##..# .#
#.# #..#
.################..#


You could see an iron troll, a fire crab, an acid dragon (catching breath), a
centaur and a ball python simulacrum.

Vanquished Creatures
  Nessos (D)
  A merfolk avatar (D)
  A two-headed ogre (D)
  A spriggan (D)
  A bog body (D)
  A sea snake (D)
  Pikel (D)
  A lindwurm (D)
  An orc knight (D)
  A phantasmal warrior (D)
  A manticore (D)
  A cyclops (D)
  A rust devil (D)
  A smoke demon (D)
  A gargoyle (D)
  A guardian serpent (D)
  2 cane toads (D)
  An unseen horror (D)
  A freezing wraith (D)
  An ice devil (D)
  A demonic crawler (D)
  A hellwing (D)
  A polar bear (D)
  A hornet (D)
  2 jumping spiders (D)
  3 blink frogs (D)
  5 redbacks (D)
  A shadow (D)
  3 yaks (D)
  2 steam dragons (D)
  Edmund (D)
  A warg (D)
  An acid dragon (D)
  A water moccasin (D)
  An ice beast (D)
  Purgy (D)
  2 black bears (D)
  A centaur (D)
  A lemure (D)
  A kobold brigand (D)
  An earth elemental (D)
  5 wights (D)
  2 jellies (D)
  A hound (D)
  3 orc priests (D)
  2 orc wizards (D)
  A hell rat (D)
  2 gnolls (D)
  2 river rats (D)
  8 orcs (D)
  A bat skeleton (D)
  An endoplasm (D)
  A giant cockroach (D)
  3 hobgoblins (D)
  A quokka (D)
  A ball python (D)
  3 bats (D)
  A kobold (D)
91 creatures vanquished.

Notes
Turn   | Place    | Note
-------+----------+-------------------------------------------
     0 | D        | boopmooplesden the Minotaur Fighter began the quest for the
                  | Orb.
     0 | D        | Reached XP level 1. HP: 19/19 MP: 0/0
    39 | D        | Found a glowing golden altar of the Shining One.
    39 | D        | Found a glowing silver altar of Zin.
    39 | D        | Found a basalt altar of Yredelemnul.
    39 | D        | Found a shimmering altar of Xom.
    39 | D        | Found an ornate altar of the Wu Jian Council.
    39 | D        | Found a bloodstained altar of Trog.
    39 | D        | Found a shimmering blue altar of Sif Muna.
    39 | D        | Found a sacrificial altar of Ru.
    39 | D        | Found a stormy altar of Qazlal.
    39 | D        | Found an iron altar of Okawaru.
    39 | D        | Found a sparkling altar of Nemelex Xobeh.
    39 | D        | Found a burning altar of Makhleb.
    39 | D        | Found a viscous altar of Jiyva.
    39 | D        | Found a hazy altar of Hepliaklqana.
    39 | D        | Found an opulent altar of Gozag.
    39 | D        | Found a blossoming altar of Fedhas.
    39 | D        | Found a white marble altar of Elyvilon.
    39 | D        | Found a shadowy altar of Dithmenos.
    39 | D        | Found a snail-covered altar of Cheibriados.
    40 | D        | Found a radiant altar of Vehumet.
    40 | D        | Found a corrupted altar of Lugonu.
    41 | D        | Found an ancient bone altar of Kikubaaqudgha.
    41 | D        | Found a hide-covered altar of Uskayaw.
    41 | D        | Found a broken altar of Ashenzari.
    45 | D        | Became a worshipper of Warmaster Okawaru
    78 | D        | Reached XP level 2. HP: 28/28 MP: 1/1
   142 | D        | Noticed a lemure
   142 | D        | Noticed a lemure
   142 | D        | Noticed a lemure
   142 | D        | Noticed Edmund
   142 | D        | Noticed Pikel
   149 | D        | Killed a lemure
   149 | D        | Noticed a lemure
   152 | D        | Noticed an ice beast
   156 | D        | Killed Pikel
   156 | D        | Reached * piety under Okawaru
   156 | D        | Reached ** piety under Okawaru
   156 | D        | Reached *** piety under Okawaru
   157 | D        | Reached skill level 10 in Armour
   157 | D        | Reached XP level 3. HP: 27/42 MP: 2/2
   157 | D        | Reached XP level 4. HP: 33/50 MP: 3/3
   157 | D        | Reached XP level 5. HP: 37/57 MP: 4/4
   157 | D        | Reached XP level 6. HP: 41/63 MP: 5/5
   173 | D        | Killed Edmund
   173 | D        | Reached **** piety under Okawaru
   174 | D        | Reached skill level 10 in Long Blades
   174 | D        | Reached XP level 7. HP: 37/71 MP: 3/6
   347 | D        | Reached skill level 10 in Fighting
   472 | D        | Noticed a phantasmal warrior
   472 | D        | Noticed a demonic crawler
   482 | D        | Killed a demonic crawler
   483 | D        | Reached skill level 1 in Dodging
   483 | D        | Reached skill level 10 in Shields
   483 | D        | Reached XP level 8. HP: 78/80 MP: 5/7
   490 | D        | Killed a phantasmal warrior
   490 | D        | Reached ***** piety under Okawaru
   592 | D        | Noticed a sea snake
   593 | D        | Noticed a freezing wraith
   603 | D        | Killed a sea snake
   604 | D        | Reached skill level 1 in Invocations
   604 | D        | Reached XP level 9. HP: 52/89 MP: 5/8
   611 | D        | Killed a freezing wraith
   930 | D        | Killed an unseen horror
  1198 | D        | Noticed a gargoyle
  1209 | D        | Killed a gargoyle
  1210 | D        | Reached skill level 1 in Stealth
  1216 | D        | Noticed a cane toad
  1216 | D        | Noticed a lindwurm
  1223 | D        | Noticed a manticore
  1224 | D        | Killed a lindwurm
  1224 | D        | Identified the +0 pair of boots of Hadjma {rElec rN+ Int-2
                  | Dex+6} (Okawaru gifted it to you in the Dungeon)
  1224 | D        | Received a gift from Okawaru
  1229 | D        | Killed a cane toad
  1230 | D        | Noticed an orc knight
  1248 | D        | Reached XP level 10. HP: 51/100 MP: 7/10
  1255 | D        | Killed a manticore
  1274 | D        | HP: 5/101 [orc knight (14)]
  1275 | D        | Killed an orc knight
  1684 | D        | Reached skill level 15 in Long Blades
  1698 | D        | Noticed a spriggan rider
  1698 | D        | Noticed a merfolk avatar
  1698 | D        | Noticed a two-headed ogre
  1698 | D        | Noticed a bog body
  1704 | D        | Reached skill level 15 in Armour
  1709 | D        | Killed a bog body
  1713 | D        | Killed a two-headed ogre
  1714 | D        | Reached skill level 15 in Shields
  1737 | D        | Killed a spriggan rider
  1737 | D        | Received a gift from Okawaru
  1738 | D        | Reached XP level 11. HP: 21/111 MP: 9/12
  1747 | D        | Killed a merfolk avatar
  1748 | D        | Reached skill level 15 in Fighting
  2076 | D        | Noticed Purgy
  2084 | D        | Killed Purgy
  2127 | D        | Reached ****** piety under Okawaru
  2661 | D        | Identified the ring of Spite {rElec EV+4}
  2661 | D        | Noticed Nessos
  2668 | D        | Noticed a fire crab
  2669 | D        | Noticed an iron troll
  2677 | D        | Killed Nessos
  2687 | D        | Splashed by an acid dragon's acid

Illustrated notes

Levels and vault maps discovered:
D:        pitsprint [storerooms_1, entrance_room_1, metal_vault_4, armoury_1,
          mini_pit_1, grid_room_1, main_hall_1, silver_pit, the_coven_3,
          the_vestibule_1, steel_vault_2, golden_pit, hallway_of_sentries,
          crystal_vault_4, iron_vault_4, final_vault]

Skill      XL: |  1  2  3  4  5  6  7  8  9 10 11 |
---------------+----------------------------------+-----
Fighting       | 4 9 10 11 12 14 16 | 16.1
Armour         | 4 10 11 12 14 15 16 | 16.8
Shields        | 4 8 9 10 11 13 15 17 | 17.5
Long Blades    | 9 10 11 13 14 15 17 | 17.0
Dodging        | 1 2 3 |  3.0
Invocations    | 1 2 3 4 |  4.3
Stealth        | 1 |  1.8

Action                   |  1- 3 |  4- 6 |  7- 9 | 10-12 || total
-------------------------+-------+-------+-------+-------++-------
Melee: Falchion          |    16 |       |       |       ||    16
       Long sword        |    11 |    12 |    49 |       ||    72
       Headbutt          |     5 |       |    25 |    50 ||    80
       Scimitar          |       |       |    68 |   160 ||   228
Invok: Heroism           |       |     1 |     5 |     7 ||    13
  Use: Potion            |     1 |       |     3 |     6 ||    10
       Scroll            |       |       |       |     7 ||     7
Armor: Scale mail        |     7 |       |       |       ||     7
       Plate armour      |     7 |       |    93 |    51 ||   151
Dodge: Dodged            |     8 |       |    31 |    46 ||    85
Block: Kite shield       |     9 |     9 |    79 |   129 ||   226
       Rpst.: Falchion   |     1 |       |       |       ||     1
       Long sword        |       |       |     2 |       ||     2
       Scimitar          |       |       |     4 |    13 ||    17
